 Dungeon Crawl Stone Soup version 0.19-a0-1457-g32fba05 (webtiles) character file.

582 sveltemanboy the Slasher (level 7, -3/52 HPs)
             Began as a Human Fighter on Sept 6, 2016.
             Was an Initiate of Ru.
             Slain by an ogre
             ... wielding a +0 giant club
              (21 damage)
             ... on level 4 of the Dungeon.
             The game lasted 00:08:52 (4120 turns).

sveltemanboy the Slasher (Human Fighter)            Turns: 4120, Time: 00:08:52

Health: -3/52      AC:  7    Str: 18    XL:     7   Next: 63%
Magic:  7/7        EV:  7    Int:  8    God:    Ru [......]
Gold:   184        SH: 10    Dex: 13    Spells: 0 memorised, 6 levels left

rFire  x x .     SeeInvis .     a - +0 long sword
rCold  + + .     Gourm    .     b - +0 scale mail
rNeg   . . .     Faith    .     c - +0 shield
rPois  .         Spirit   .     (no helmet)
rElec  .         Dismiss  .     o - +0 cloak
rCorr  .         Reflect  .     (no gloves)
MR     .....     Harm     .     (no boots)
Stlth  ..........               (no amulet)
                                m - ring of ice
                                e - ring of ice

@: no status effects
A: no striking features
a: Renounce Religion


You were on level 4 of the Dungeon.
You worshipped Ru.
Ru was noncommittal.
You were near starving.

You visited 2 branches of the dungeon, and saw 5 of its levels.

You collected 184 gold pieces.

Inventory:

Hand Weapons
 a - a +0 long sword (weapon)
Missiles
 n - 7 tomahawks
 r - 4 javelins of penetration (quivered)
Armour
 b - a +0 scale mail (worn)
 c - a +0 shield (worn)
 o - a +0 cloak (worn)
 s - the +9 armour of the Dragon King {rPois rF+ rC+ MR+}
   (You found it on level 4 of the Dungeon)

   It protects you from fire.
   It protects you from cold.
   It protects you from poison.
   It affects your resistance to hostile enchantments.
Jewellery
 e - a ring of ice (left hand)
 m - a ring of ice (right hand)
Scrolls
 d - a scroll of teleportation
 j - a scroll of identify {unknown}
 k - a scroll of fog {unknown}
Potions
 h - a potion of agility {unknown}
 p - 2 potions of curing {unknown}
 q - a potion of might
Comestibles
 f - 3 bread rations
 g - 2 fruits
 i - 2 beef jerkies
 l - a meat ration


   Skills:
 - Level 3.0 Fighting
 * Level 6.1 Long Blades
 + Level 1.8 Throwing
 - Level 3.0 Armour
 + Level 5.3 Shields


You had 6 spell levels left.
You didn't know any spells.

Dungeon Overview and Level Annotations

Branches:
Dungeon (4/15)             Temple (1/1) D:4

Altars:
Ashenzari
Cheibriados
Elyvilon
Hepliaklqana
Kikubaaqudgha
Makhleb
Nemelex Xobeh
Ru
Sif Muna
Trog
Uskayaw
Vehumet
Xom
Yredelemnul
The Shining One


Message History

The ogre is severely wounded.
The ogre hits you with a giant club.
You slash the ogre!
You kill the ogre!
Your Long Blades skill increases to level 6!
You slash the giant newt!
You kill the giant newt!
The giant newt bites you.
You hit the giant newt.
You kill the giant newt!
You hit the ogre.
The ogre is lightly wounded.
You block the ogre's attack.
You barely miss the ogre.
The ogre is lightly wounded.
The ogre closely misses you.
You hit the ogre.
The ogre is moderately wounded.
The ogre hits you with a giant club!!
You die...

##.............#
##............##
###...........#
##...........#
##..##........##
#..#####.......##
##..# #######..#
#..## ##.. ##@##
### ##†O# # #?.##
#)## ... ## #....
###. .#.... ##...
........ ##....
.......... #.....


You could see an ogre.

Vanquished Creatures
  Sigmund (D:2)
  An ogre (D:4)
  2 hounds (D:4)
  A giant frog skeleton (D:4)
  Crazy Yiuf (D:2)
  Natasha (D:2)
  2 orc wizards (D:4)
  A worker ant (D:3)
  5 adders
  An adder skeleton (D:4)
  A worm (D:3)
  A dart slug (D:1)
  3 giant geckos
  4 orcs
  7 giant cockroaches
  10 goblins
  8 hobgoblins
  3 jackals (D:1)
  10 kobolds
  2 bats (D:1)
  2 giant newts (D:4)
  7 rats
74 creatures vanquished.

Notes
Turn   | Place    | Note
-------+----------+-------------------------------------------
     0 | D:1      | sveltemanboy the Human Fighter began the quest for the Orb.
     0 | D:1      | Reached XP level 1. HP: 18/18 MP: 1/1
   194 | D:1      | Reached XP level 2. HP: 11/24 MP: 2/2
   662 | D:1      | Reached XP level 3. HP: 27/29 MP: 3/3
   698 | D:1      | Reached skill level 3 in Long Blades
  1132 | D:2      | Found a hide-covered altar of Uskayaw.
  1536 | D:2      | Found a runed door.
  1540 | D:2      | Noticed Crazy Yiuf
  1545 | D:2      | Killed Crazy Yiuf
  1545 | D:2      | Reached XP level 4. HP: 30/35 MP: 4/4
  1665 | D:2      | Noticed Natasha
  1676 | D:2      | Killed Natasha
  1676 | D:2      | Reached XP level 5. HP: 31/41 MP: 5/5
  1781 | D:2      | Noticed Sigmund
  1960 | D:2      | Killed Sigmund
  1960 | D:2      | Reached skill level 5 in Long Blades
  1960 | D:2      | Reached XP level 6. HP: 19/47 MP: 6/6
  2544 | D:3      | Reached skill level 5 in Shields
  2674 | D:3      | Found a faded altar of an unknown god.
  2697 | D:3      | Found a hazy altar of Hepliaklqana.
  3410 | D:4      | Reached XP level 7. HP: 47/52 MP: 7/7
  3422 | D:4      | Reached skill level 1 in Throwing
  3785 | D:4      | Found a shimmering altar of Xom.
  3976 | D:4      | Found a staircase to the Ecumenical Temple.
  3985 | Temple   | Entered the Ecumenical Temple
  3993 | Temple   | Became a worshipper of Ru the Awakened
  4111 | D:4      | Reached skill level 6 in Long Blades
  4120 | D:4      | Slain by an ogre

Vault maps used:
D:1:      lightli_arrival_boilingwater
D:2:      lemuel_round_altar, kennysheep_doodads, uniq_natasha,
          uniq_crazy_yiuf_cottage, uniq_sigmund
D:3:      nicolae_overflow_hidden_temple, first_bread, ecumenical_altar_1
D:4:      marbit_many_paths
Temple:   nicolae_temple_no_exploring_needed

Skill      XL: |  1  2  3  4  5  6  7 |
---------------+----------------------+-----
Long Blades    | 3 5 6 |  6.1
Shields        | 4 5 |  5.3
Throwing       | 1 |  1.8
Fighting       | |  3.0
Armour         | |  3.0

Action                   |  1- 3 |  4- 6 |  7- 9 || total
-------------------------+-------+-------+-------++-------
Melee: Long sword        |   140 |   126 |    47 ||   313
Throw: Tomahawk          |       |     3 |       ||     3
       Javelin           |       |     9 |     1 ||    10
Evoke: Wand              |       |     6 |     2 ||     8
  Use: Potion            |     1 |     1 |       ||     2
       Scroll            |       |     2 |       ||     2
  Eat: Chunk             |     2 |     6 |     1 ||     9
Armor: Scale mail        |    42 |    45 |    11 ||    98
Dodge: Dodged            |    33 |    33 |     9 ||    75
Block: Shield            |    64 |    51 |    22 ||   137
